cohdb
Replays
Latest Replays
All Replays
Popular Replays
Top Player Replays
Match Explorer
How It Works
Community
CoH3 Stats
Reddit
Sign in to upload your games and track your stats! →
Sign in with Steam
Match 41205968
Unlisted
Match 41205968
Overview
Messages
Build Orders
End
Selects Panzerjäger Kommand Battlegroup
Selects Mine Fields
Panzerpioneer Squad
Panzerpioneer Squad
Forward Retreat Point
250 Light Carrier
Construct Light Support Kompanie
Selects GrB 39 Grenade Launcher Requisition
Combat Half-tracks
Panzerjäger Squad
Panzerjäger Mechanized Group
Fire Support Elements
2.5-tonne Medical Truck
Selects Defensive Positions
le.IG 18 Support Gun Team
le.IG 18 Support Gun Team
Construct Panzerarmee Kommand
le.IG 18 Mechanized Group
Selects Butterfly Bomb Drop
Walking Stuka Rocket Launcher
Butterfly Bomb Drop
Panzer III L Medium Tank
Selects Crew Shock Tactics
Armored Reserves
Panzer IV Assault Group
UH|dun! ツ
UH|ck
UH|XTC
insane
mentoss
DARTH_SVK
wailpsn
DaemonJester
0
0
Comments
sign in to comment!
No comments posted yet!